[ AOE2 MATCH · #468225671 ]
UnrankedTeutons vs Burgundians
[ REPLAY ANALYSIS · EXTRACTED FROM THE RECORDED GAME ]
Feudal
11:16
Castle
21:36
Imperial
51:36
| APM avg | 17.0 |
| APM peak | 46 |
| eAPM avg | 14.3 |
| Villagers / military | 171 / 155 |
Focus
⚔️ 37.3% · 🌾 62.7%
Knight ×134 · Spearman ×11 · Teutonic Knight ×5 · Scout Cavalry ×3 · Mangonel ×2
Feudal
10:28
Castle
24:18
Imperial
45:31
| APM avg | 19.3 |
| APM peak | 55 |
| eAPM avg | 13.2 |
| Villagers / military | 90 / 163 |
Focus
⚔️ 44.0% · 🌾 56.0%
Knight ×130 · Hand Cannoneer ×23 · Scout Cavalry ×10
Feudal
9:53
Castle
23:09
Imperial
34:33
| APM avg | 36.2 |
| APM peak | 71 |
| eAPM avg | 16.2 |
| Villagers / military | 162 / 192 |
Focus
⚔️ 35.3% · 🌾 64.7%
Archer ×131 · Scout Cavalry ×35 · Bombard Cannon ×10 · Skirmisher ×5 · Fire Lancer ×5 · Iron Pagoda ×4
Feudal
9:43
Castle
23:56
Imperial
50:13
| APM avg | 41.2 |
| APM peak | 84 |
| eAPM avg | 24.8 |
| Villagers / military | 185 / 366 |
Focus
⚔️ 42.4% · 🌾 57.6%
Spearman ×216 · Skirmisher ×75 · Militia ×56 · Archer ×15 · Mangonel ×2 · Battering Ram ×2
Feudal
—
Castle
—
Imperial
—
| APM avg | 13.3 |
| APM peak | 74 |
| eAPM avg | 5.0 |
| Villagers / military | 25 / 13 |
Focus
⚔️ 24.1% · 🌾 75.9%
Archer ×8 · Scout Cavalry ×3 · Spearman ×2
Feudal
9:58
Castle
22:01
Imperial
—
| APM avg | 15.9 |
| APM peak | 96 |
| eAPM avg | 6.2 |
| Villagers / military | 53 / 25 |
Focus
⚔️ 21.6% · 🌾 78.4%
Battle Elephant ×22 · Militia ×3
Match map
Initial resources + every placement click. Lines = walls · curves = elevation contours. ◆ gold · ⬟ stone · ● berries · ✦ relic · ◌ wall gap
Your base
franciscojaviergilg's base
SerrisKb's base
Oblivican's base
Jlozada11's base· Open — 4t gap
PutridWind's base
Smoothed initial terrain · ◌ = detected wall gap · hover for details
Inputs per minute
— PussyCat - - franciscojaviergilg
Build order — PussyCat
First 150 of 458 actions detected
| 0:01 | Create | Villager (Male) |
| 0:01 | Create | Villager (Male) |
| 0:01 | Create | Villager (Male) |
| 0:02 | Create | Villager (Male) |
| 0:03 | Build | House |
| 0:05 | Build | House |
| 1:50 | Build | Lumber Camp |
| 1:52 | Create | Villager (Male) |
| 1:52 | Create | Villager (Male) |
| 1:53 | Create | Villager (Male) |
| 2:38 | Create | Villager (Male) |
| 2:39 | Create | Villager (Male) |
| 2:39 | Create | Villager (Male) |
| 3:14 | Create | Villager (Male) |
| 3:14 | Create | Villager (Male) |
| 3:14 | Create | Villager (Male) |
| 3:31 | Build | House |
| 4:10 | Create | Villager (Male) |
| 4:11 | Create | Villager (Male) |
| 4:11 | Create | Villager (Male) |
| 4:45 | Create | Villager (Male) |
| 4:45 | Create | Villager (Male) |
| 5:43 | Create | Villager (Male) |
| 5:43 | Create | Villager (Male) |
| 6:01 | Build | Mill |
| 6:03 | Create | Villager (Male) |
| 6:03 | Create | Villager (Male) |
| 6:17 | Create | Villager (Male) |
| 6:18 | Create | Villager (Male) |
| 7:06 | Build | Barracks |
| 7:10 | Create | Villager (Male) |
| 7:10 | Create | Villager (Male) |
| 7:10 | Create | Villager (Male) |
| 7:24 | Create | Villager (Male) |
| 7:25 | Create | Villager (Male) |
| 7:25 | Create | Villager (Male) |
| 7:25 | Create | Villager (Male) |
| 7:55 | Build | House |
| 8:08 | Create | Villager (Male) |
| 8:09 | Create | Villager (Male) |
| 8:50 | Build | Mill |
| 9:06 | Research | Feudal Age |
| 9:06 | Research | Loom |
| 9:29 | Build | Palisade Wall |
| 9:34 | Build | Palisade Wall |
| 9:57 | Build | Palisade Wall |
| 10:04 | Create | Villager (Male) |
| 10:04 | Create | Villager (Male) |
| 10:04 | Create | Villager (Male) |
| 10:40 | Build | Palisade Wall |
| 11:16 | Age | Feudal Age |
| 11:20 | Build | Palisade Wall |
| 11:27 | Create | Villager (Male) |
| 11:27 | Create | Villager (Male) |
| 12:57 | Build | Blacksmith |
| 13:55 | Build | House |
| 14:16 | Build | Farm |
| 14:16 | Build | Farm |
| 14:16 | Build | Farm |
| 14:38 | Build | Farm |
| 15:01 | Create | Villager (Male) |
| 15:01 | Create | Villager (Male) |
| 15:31 | Build | Market |
| 15:53 | Build | Mining Camp |
| 16:01 | Create | Villager (Male) |
| 16:01 | Create | Villager (Male) |
| 16:05 | Build | Farm |
| 16:09 | Build | Farm |
| 16:39 | Build | Stable |
| 16:45 | Create | Spearman |
| 16:46 | Create | Spearman |
| 16:53 | Research | Arson |
| 17:05 | Create | Villager (Male) |
| 17:06 | Create | Villager (Male) |
| 17:10 | Build | House |
| 17:12 | Build | House |
| 17:21 | Build | Farm |
| 17:36 | Create | Spearman |
| 17:36 | Create | Spearman |
| 18:15 | Build | House |
| 18:56 | Research | Castle Age |
| 19:10 | Build | Farm |
| 19:10 | Build | Farm |
| 19:10 | Build | Farm |
| 19:19 | Create | Scout Cavalry |
| 19:19 | Create | Scout Cavalry |
| 19:19 | Create | Scout Cavalry |
| 19:35 | Research | Double-Bit Axe |
| 20:03 | Build | Farm |
| 20:08 | Build | Farm |
| 20:16 | Build | Farm |
| 20:20 | Build | Farm |
| 20:29 | Research | Horse Collar |
| 20:45 | Build | Farm |
| 20:58 | Research | Forging |
| 21:04 | Create | Villager (Male) |
| 21:04 | Create | Villager (Male) |
| 21:05 | Create | Villager (Male) |
| 21:05 | Create | Villager (Male) |
| 21:18 | Create | Villager (Male) |
| 21:18 | Create | Villager (Male) |
| 21:26 | Build | House |
| 21:34 | Build | Lumber Camp |
| 21:36 | Age | Castle Age |
| 22:10 | Build | Town Center |
| 22:17 | Create | Villager (Male) |
| 22:17 | Create | Villager (Male) |
| 22:32 | Research | Wheelbarrow |
| 22:36 | Create | Villager (Male) |
| 22:36 | Create | Villager (Male) |
| 22:37 | Create | Villager (Male) |
| 22:37 | Create | Villager (Male) |
| 22:47 | Build | House |
| 22:48 | Build | House |
| 22:50 | Build | House |
| 23:08 | Build | Farm |
| 23:10 | Create | Villager (Male) |
| 23:10 | Create | Villager (Male) |
| 23:16 | Research | Scale Barding Armor |
| 23:26 | Create | Villager (Male) |
| 23:26 | Create | Villager (Male) |
| 23:46 | Create | Knight |
| 23:46 | Create | Knight |
| 23:47 | Create | Knight |
| 24:13 | Research | Scale Mail Armor |
| 24:55 | Build | Farm |
| 24:55 | Build | Farm |
| 24:55 | Build | Farm |
| 24:56 | Build | Farm |
| 25:01 | Create | Villager (Male) |
| 25:01 | Create | Villager (Male) |
| 25:01 | Create | Villager (Male) |
| 25:02 | Create | Villager (Male) |
| 25:02 | Create | Villager (Male) |
| 25:34 | Research | Pikeman (upgrade) |
| 25:35 | Create | Spearman |
| 25:35 | Create | Spearman |
| 25:35 | Create | Spearman |
| 25:53 | Build | Farm |
| 26:07 | Build | Farm |
| 26:07 | Build | Farm |
| 26:08 | Build | Farm |
| 26:10 | Create | Villager (Male) |
| 26:11 | Create | Villager (Male) |
| 26:11 | Create | Villager (Male) |
| 26:11 | Create | Villager (Male) |
| 26:24 | Create | Villager (Male) |
| 26:25 | Create | Villager (Male) |
| 26:38 | Build | Farm |
| 26:41 | Create | Villager (Male) |
Build order — franciscojaviergilg
First 150 of 412 actions detected
| 0:02 | Build | House |
| 0:05 | Build | House |
| 0:06 | Create | Villager (Male) |
| 0:06 | Create | Villager (Male) |
| 0:06 | Create | Villager (Male) |
| 0:07 | Create | Villager (Male) |
| 1:42 | Create | Villager (Male) |
| 1:55 | Build | Lumber Camp |
| 2:06 | Create | Villager (Male) |
| 2:19 | Create | Villager (Male) |
| 2:54 | Create | Villager (Male) |
| 3:08 | Research | Loom |
| 3:09 | Create | Villager (Male) |
| 3:09 | Create | Villager (Male) |
| 3:56 | Create | Villager (Male) |
| 3:56 | Create | Villager (Male) |
| 3:56 | Create | Villager (Male) |
| 4:23 | Build | Mill |
| 4:47 | Build | House |
| 4:49 | Build | House |
| 5:10 | Create | Villager (Male) |
| 5:10 | Create | Villager (Male) |
| 5:11 | Create | Villager (Male) |
| 5:47 | Create | Villager (Male) |
| 5:47 | Create | Villager (Male) |
| 5:48 | Create | Villager (Male) |
| 6:58 | Create | Villager (Male) |
| 6:58 | Create | Villager (Male) |
| 7:41 | Create | Villager (Male) |
| 8:18 | Research | Feudal Age |
| 8:47 | Build | Barracks |
| 8:57 | Build | Barracks |
| 9:09 | Build | House |
| 9:10 | Build | House |
| 9:18 | Research | Double-Bit Axe |
| 9:20 | Research | Horse Collar |
| 9:37 | Build | Palisade Wall |
| 9:46 | Create | Villager (Male) |
| 9:46 | Create | Villager (Male) |
| 10:23 | Build | Building 796 |
| 10:28 | Age | Feudal Age |
| 10:32 | Build | Palisade Wall |
| 10:48 | Build | Stable |
| 10:50 | Create | Villager (Male) |
| 10:51 | Create | Villager (Male) |
| 10:51 | Create | Villager (Male) |
| 10:58 | Build | Lumber Camp |
| 11:10 | Build | Palisade Wall |
| 11:21 | Create | Villager (Male) |
| 11:54 | Build | Palisade Wall |
| 12:09 | Build | Mining Camp |
| 12:12 | Create | Villager (Male) |
| 12:50 | Create | Scout Cavalry |
| 12:50 | Create | Scout Cavalry |
| 12:51 | Create | Scout Cavalry |
| 12:55 | Build | Farm |
| 13:19 | Build | Palisade Wall |
| 13:23 | Build | Farm |
| 13:27 | Build | Farm |
| 13:27 | Build | Farm |
| 13:27 | Build | Farm |
| 13:28 | Build | Farm |
| 13:28 | Build | Farm |
| 14:02 | Build | Palisade Gate |
| 14:21 | Build | Palisade Wall |
| 14:29 | Build | Lumber Camp |
| 14:34 | Create | Scout Cavalry |
| 14:36 | Build | Farm |
| 14:40 | Create | Villager (Male) |
| 14:40 | Create | Villager (Male) |
| 14:41 | Create | Villager (Male) |
| 15:25 | Build | Farm |
| 15:39 | Build | Market |
| 15:50 | Build | Blacksmith |
| 15:54 | Create | Villager (Male) |
| 15:55 | Create | Villager (Male) |
| 15:55 | Create | Villager (Male) |
| 15:55 | Create | Villager (Male) |
| 16:57 | Build | Farm |
| 16:58 | Build | Farm |
| 16:58 | Build | Farm |
| 16:58 | Build | Farm |
| 17:04 | Build | House |
| 17:06 | Build | House |
| 17:30 | Build | Farm |
| 17:34 | Build | Farm |
| 17:34 | Build | Farm |
| 17:40 | Build | Farm |
| 17:41 | Build | Farm |
| 17:41 | Build | Farm |
| 17:41 | Build | Farm |
| 18:33 | Research | Wheelbarrow |
| 18:38 | Create | Scout Cavalry |
| 18:38 | Create | Scout Cavalry |
| 18:39 | Create | Scout Cavalry |
| 18:39 | Create | Scout Cavalry |
| 18:39 | Create | Scout Cavalry |
| 18:40 | Create | Scout Cavalry |
| 19:06 | Research | Heavy Plow |
| 19:07 | Research | Bow Saw |
| 19:55 | Create | Villager (Male) |
| 19:55 | Create | Villager (Male) |
| 19:56 | Create | Villager (Male) |
| 19:56 | Create | Villager (Male) |
| 20:12 | Build | Farm |
| 20:12 | Build | Farm |
| 20:12 | Build | Farm |
| 20:13 | Build | Farm |
| 20:13 | Build | Farm |
| 20:13 | Build | Farm |
| 20:29 | Build | House |
| 20:30 | Build | House |
| 21:38 | Research | Castle Age |
| 22:43 | Build | Stable |
| 22:49 | Research | Scale Barding Armor |
| 22:50 | Research | Forging |
| 23:02 | Research | Gold Mining |
| 23:35 | Research | Gold Shaft Mining |
| 24:18 | Age | Castle Age |
| 24:31 | Research | Cavalier (upgrade) |
| 24:31 | Research | Husbandry |
| 25:04 | Create | Knight |
| 25:05 | Create | Knight |
| 25:05 | Create | Knight |
| 25:05 | Create | Knight |
| 25:05 | Create | Knight |
| 25:10 | Research | Hand Cart |
| 25:28 | Build | Town Center |
| 25:56 | Create | Villager (Male) |
| 25:57 | Create | Villager (Male) |
| 25:58 | Create | Villager (Male) |
| 26:06 | Create | Knight |
| 26:06 | Create | Knight |
| 26:06 | Create | Knight |
| 26:07 | Create | Knight |
| 26:20 | Build | Stable |
| 26:33 | Build | House |
| 26:42 | Create | Knight |
| 26:42 | Create | Knight |
| 26:42 | Create | Knight |
| 26:47 | Build | House |
| 27:17 | Build | Farm |
| 27:25 | Create | Knight |
| 27:25 | Create | Knight |
| 27:25 | Create | Knight |
| 28:01 | Build | Farm |
| 28:13 | Build | Farm |
| 28:17 | Create | Knight |
| 28:18 | Create | Knight |
| 28:18 | Create | Knight |
Build order — SerrisKb
First 150 of 340 actions detected
| 0:01 | Create | Villager (Male) ×4 |
| 0:02 | Build | House |
| 0:03 | Build | House |
| 1:30 | Create | Villager (Male) |
| 1:49 | Build | Lumber Camp |
| 2:00 | Create | Villager (Male) |
| 2:15 | Create | Villager (Male) |
| 2:47 | Create | Villager (Male) |
| 3:01 | Create | Villager (Male) |
| 3:45 | Create | Villager (Male) |
| 3:45 | Create | Villager (Male) |
| 3:51 | Build | House |
| 4:05 | Create | Villager (Male) |
| 4:05 | Create | Villager (Male) |
| 4:30 | Build | House |
| 4:39 | Research | Loom |
| 4:40 | Create | Villager (Male) |
| 4:41 | Create | Villager (Male) |
| 4:41 | Create | Villager (Male) |
| 5:04 | Build | Mill |
| 5:14 | Create | Villager (Male) |
| 5:53 | Create | Villager (Male) |
| 5:53 | Create | Villager (Male) |
| 6:47 | Create | Villager (Male) |
| 6:59 | Research | Loom |
| 7:37 | Build | Barracks |
| 7:43 | Research | Feudal Age |
| 7:57 | Build | Lumber Camp |
| 8:47 | Build | Mining Camp |
| 8:50 | Build | House |
| 8:53 | Build | Palisade Wall |
| 9:38 | Build | House |
| 9:49 | Create | Villager (Male) |
| 9:49 | Create | Villager (Male) |
| 9:53 | Age | Feudal Age |
| 9:54 | Research | Double-Bit Axe |
| 10:01 | Build | Archery Range |
| 10:04 | Build | Palisade Wall |
| 10:15 | Create | Villager (Male) |
| 10:16 | Create | Villager (Male) |
| 10:23 | Build | Palisade Wall |
| 10:34 | Create | Spearman |
| 10:51 | Create | Villager (Male) |
| 11:15 | Build | House |
| 11:19 | Create | Archer ×3 |
| 11:36 | Build | Palisade Wall |
| 11:43 | Build | Blacksmith |
| 11:54 | Create | Villager (Male) |
| 11:55 | Create | Villager (Male) |
| 11:55 | Create | Villager (Male) |
| 12:08 | Create | Archer |
| 12:24 | Build | House |
| 12:25 | Build | House |
| 12:29 | Create | Villager (Male) |
| 12:44 | Create | Archer |
| 13:18 | Create | Villager (Male) |
| 13:24 | Research | Fletching |
| 13:24 | Create | Villager (Male) |
| 13:42 | Research | Horse Collar |
| 13:47 | Create | Archer |
| 14:00 | Build | Archery Range |
| 14:14 | Build | Farm |
| 14:14 | Build | Farm |
| 14:16 | Build | Farm |
| 14:18 | Build | Farm |
| 14:18 | Build | Farm |
| 14:18 | Build | Farm |
| 14:25 | Create | Archer |
| 14:26 | Create | Archer |
| 14:31 | Build | Farm |
| 15:21 | Build | Farm |
| 15:22 | Build | Farm |
| 15:22 | Build | Farm |
| 15:22 | Build | Farm |
| 15:24 | Create | Villager (Male) |
| 15:24 | Create | Villager (Male) |
| 15:25 | Create | Villager (Male) |
| 15:25 | Create | Villager (Male) |
| 15:26 | Create | Villager (Male) |
| 15:34 | Build | House |
| 15:36 | Build | House |
| 16:36 | Create | Villager (Male) |
| 16:37 | Create | Archer |
| 16:38 | Create | Archer |
| 16:38 | Create | Archer |
| 16:38 | Create | Archer |
| 16:38 | Create | Archer |
| 16:40 | Create | Archer |
| 16:41 | Create | Archer |
| 16:41 | Create | Archer |
| 16:41 | Create | Archer |
| 16:41 | Create | Archer |
| 16:47 | Build | House |
| 17:03 | Build | Farm |
| 17:04 | Build | Farm |
| 17:04 | Build | Farm |
| 17:04 | Build | Farm |
| 17:05 | Build | Farm |
| 17:26 | Build | Farm |
| 17:26 | Build | Farm |
| 17:26 | Build | Farm |
| 17:27 | Build | Farm |
| 17:27 | Build | Farm |
| 17:27 | Build | Farm |
| 17:59 | Create | Villager (Male) |
| 17:59 | Create | Villager (Male) |
| 17:59 | Create | Villager (Male) |
| 18:00 | Research | Wheelbarrow |
| 18:00 | Research | Town Watch |
| 19:07 | Create | Archer ×5 |
| 19:40 | Build | Farm |
| 19:40 | Build | Farm |
| 19:41 | Build | Farm |
| 20:25 | Research | Castle Age |
| 21:02 | Build | House |
| 21:03 | Build | House |
| 21:52 | Research | Gold Mining |
| 22:22 | Research | Town Watch |
| 23:09 | Age | Castle Age |
| 23:14 | Research | Bodkin Arrow |
| 23:17 | Research | Crossbowman (upgrade) |
| 23:21 | Research | Thumb Ring |
| 23:31 | Build | Town Center |
| 23:42 | Research | Bow Saw |
| 23:55 | Research | Squires |
| 24:10 | Build | University |
| 24:16 | Build | Town Center |
| 24:19 | Create | Villager (Male) ×5 |
| 24:39 | Build | Siege Workshop |
| 24:49 | Research | Gold Shaft Mining |
| 24:50 | Create | Villager (Male) ×5 |
| 24:53 | Build | Farm |
| 24:56 | Create | Archer ×5 |
| 25:36 | Create | Villager (Male) ×5 |
| 25:39 | Build | Farm |
| 25:39 | Build | Farm |
| 25:40 | Build | Farm |
| 25:40 | Build | Farm |
| 25:40 | Build | Farm |
| 25:50 | Research | Ballistics |
| 26:37 | Build | Siege Workshop |
| 27:13 | Build | Siege Workshop |
| 27:33 | Research | Arson |
| 27:41 | Research | Heavy Plow |
| 27:44 | Build | Farm |
| 27:44 | Build | Farm |
| 27:45 | Build | Farm |
| 27:45 | Build | Farm |
| 27:45 | Build | Farm |
| 27:45 | Build | Farm |
Build order — Oblivican
First 150 of 613 actions detected
| 0:00 | Create | Villager (Male) ×4 |
| 0:01 | Create | Villager (Male) ×4 |
| 0:02 | Build | House |
| 0:03 | Build | House |
| 1:26 | Create | Villager (Male) |
| 1:43 | Create | Villager (Male) |
| 1:44 | Create | Villager (Male) |
| 1:49 | Build | Lumber Camp |
| 2:24 | Create | Villager (Male) |
| 2:48 | Create | Villager (Male) |
| 3:17 | Create | Villager (Male) |
| 3:17 | Create | Villager (Male) |
| 3:38 | Build | House |
| 3:56 | Build | Mill |
| 4:09 | Research | Loom |
| 4:15 | Create | Villager (Male) |
| 4:36 | Create | Villager (Male) |
| 5:23 | Create | Villager (Male) |
| 5:42 | Create | Villager (Male) |
| 5:59 | Build | House |
| 6:11 | Create | Villager (Male) |
| 6:32 | Build | Barracks |
| 6:37 | Create | Villager (Male) |
| 6:59 | Create | Villager (Male) |
| 7:29 | Create | Villager (Male) |
| 7:33 | Research | Feudal Age |
| 7:34 | Research | Feudal Age |
| 7:34 | Research | Feudal Age |
| 7:45 | Create | Militia |
| 7:50 | Create | Militia |
| 8:16 | Create | Militia |
| 8:21 | Build | House |
| 8:47 | Build | Mining Camp |
| 9:09 | Create | Villager (Male) |
| 9:43 | Age | Feudal Age |
| 10:03 | Research | Man-at-Arms (upgrade) |
| 10:03 | Research | Man-at-Arms (upgrade) |
| 10:03 | Research | Man-at-Arms (upgrade) |
| 10:03 | Research | Man-at-Arms (upgrade) |
| 10:05 | Create | Villager (Male) |
| 10:45 | Create | Villager (Male) |
| 10:51 | Build | Archery Range |
| 11:00 | Build | Blacksmith |
| 11:10 | Create | Villager (Male) |
| 11:18 | Research | Double-Bit Axe |
| 11:18 | Research | Double-Bit Axe |
| 11:28 | Research | Arson |
| 11:31 | Create | Villager (Male) |
| 11:42 | Create | Villager (Male) |
| 11:45 | Create | Archer |
| 11:52 | Research | Fletching |
| 11:52 | Research | Fletching |
| 12:06 | Create | Villager (Male) |
| 12:26 | Create | Archer |
| 12:31 | Build | House |
| 12:49 | Research | Scale Mail Armor |
| 12:56 | Build | Farm |
| 12:56 | Build | Farm |
| 12:57 | Build | Farm |
| 12:57 | Build | Farm |
| 13:14 | Create | Archer |
| 13:28 | Create | Archer |
| 13:29 | Create | Villager (Male) |
| 13:33 | Build | House |
| 13:35 | Build | House |
| 13:54 | Create | Villager (Male) |
| 13:55 | Create | Archer |
| 13:58 | Research | Forging |
| 14:04 | Build | Lumber Camp |
| 14:10 | Build | Farm |
| 14:30 | Create | Villager (Male) |
| 14:30 | Create | Villager (Male) |
| 14:30 | Create | Villager (Male) |
| 14:47 | Build | Farm |
| 14:50 | Build | Farm |
| 14:56 | Create | Villager (Male) |
| 15:09 | Create | Archer |
| 15:14 | Build | Farm |
| 15:36 | Create | Archer |
| 15:37 | Create | Villager (Male) |
| 15:40 | Build | Farm |
| 15:48 | Build | Archery Range |
| 15:50 | Build | Farm |
| 15:51 | Build | Farm |
| 15:51 | Build | Farm |
| 15:59 | Research | Horse Collar |
| 15:59 | Research | Horse Collar |
| 15:59 | Research | Horse Collar |
| 16:13 | Create | Archer |
| 16:44 | Create | Militia |
| 16:44 | Create | Militia |
| 16:57 | Build | Farm |
| 17:00 | Build | Farm |
| 17:00 | Build | Farm |
| 17:01 | Build | Farm |
| 17:01 | Build | Farm |
| 17:31 | Create | Villager (Male) |
| 17:31 | Create | Villager (Male) |
| 17:32 | Create | Archer |
| 17:32 | Create | Archer |
| 17:53 | Build | House |
| 17:57 | Build | Farm |
| 18:00 | Build | Farm |
| 18:21 | Create | Archer |
| 18:21 | Create | Archer |
| 18:33 | Create | Archer |
| 18:34 | Create | Villager (Male) |
| 18:35 | Create | Villager (Male) |
| 18:38 | Build | Farm |
| 18:41 | Build | Farm |
| 18:44 | Build | House |
| 19:24 | Create | Archer |
| 19:24 | Create | Archer |
| 19:36 | Create | Villager (Male) |
| 19:36 | Create | Villager (Male) |
| 19:43 | Create | Villager (Male) |
| 19:50 | Build | Mill |
| 19:51 | Build | Farm |
| 19:51 | Build | Farm |
| 19:51 | Build | Farm |
| 19:52 | Build | Farm |
| 19:58 | Create | Villager (Male) |
| 20:20 | Build | House |
| 20:23 | Build | House |
| 20:29 | Build | Palisade Wall |
| 20:41 | Build | House |
| 20:43 | Build | House |
| 20:44 | Build | House |
| 20:46 | Build | Palisade Wall |
| 21:16 | Research | Castle Age |
| 21:33 | Build | Farm |
| 21:39 | Build | Palisade Wall |
| 21:44 | Research | Padded Archer Armor |
| 21:48 | Create | Militia |
| 21:49 | Create | Militia |
| 22:01 | Build | House |
| 22:11 | Build | House |
| 22:18 | Create | Militia |
| 22:34 | Create | Militia |
| 22:37 | Build | Barracks |
| 22:43 | Research | Gold Mining |
| 22:58 | Create | Militia |
| 23:12 | Build | House |
| 23:18 | Create | Militia |
| 23:37 | Research | Wheelbarrow |
| 23:39 | Create | Militia |
| 23:40 | Create | Militia |
| 23:42 | Create | Militia |
| 23:48 | Create | Spearman |
| 23:48 | Create | Spearman |
Build order — Jlozada11
81 actions detected in the replay
| 0:01 | Create | Villager (Male) |
| 0:01 | Create | Villager (Male) |
| 0:02 | Create | Villager (Male) |
| 0:03 | Build | House |
| 0:04 | Build | House |
| 0:13 | Create | Villager (Male) |
| 0:14 | Create | Villager (Male) |
| 1:14 | Create | Villager (Male) |
| 1:14 | Create | Villager (Male) |
| 1:50 | Build | Lumber Camp |
| 2:17 | Create | Villager (Male) |
| 2:18 | Create | Villager (Male) |
| 2:18 | Create | Villager (Male) |
| 2:49 | Create | Villager (Male) |
| 2:50 | Create | Villager (Male) |
| 3:05 | Create | Villager (Male) |
| 3:14 | Build | House |
| 3:17 | Build | House |
| 3:39 | Create | Villager (Male) |
| 3:39 | Create | Villager (Male) |
| 4:08 | Create | Villager (Male) |
| 4:08 | Create | Villager (Male) |
| 5:08 | Build | Mill |
| 5:14 | Create | Villager (Male) |
| 5:14 | Create | Villager (Male) |
| 5:15 | Create | Villager (Male) |
| 5:55 | Build | Palisade Wall |
| 6:02 | Create | Villager (Male) |
| 6:02 | Create | Villager (Male) |
| 6:27 | Research | Loom |
| 6:34 | Build | House |
| 6:38 | Build | Palisade Wall |
| 7:00 | Build | Palisade Wall |
| 7:08 | Build | House |
| 7:12 | Build | Palisade Wall |
| 7:27 | Research | Feudal Age |
| 8:09 | Build | House |
| 8:13 | Build | Palisade Wall |
| 9:01 | Build | Barracks |
| 9:57 | Create | Villager (Male) |
| 9:57 | Create | Villager (Male) |
| 9:57 | Create | Villager (Male) |
| 10:01 | Build | House |
| 10:07 | Build | Palisade Wall |
| 10:26 | Build | House |
| 10:30 | Create | Spearman |
| 10:31 | Create | Spearman |
| 10:54 | Build | House |
| 11:10 | Build | Palisade Wall |
| 11:26 | Build | House |
| 11:34 | Build | House |
| 11:36 | Build | House |
| 11:43 | Build | House |
| 12:05 | Build | Archery Range |
| 12:25 | Build | Mining Camp |
| 12:39 | Create | Archer |
| 12:39 | Create | Archer |
| 12:39 | Create | Archer |
| 13:45 | Build | House |
| 14:39 | Create | Archer |
| 14:39 | Create | Archer |
| 14:54 | Build | House |
| 15:08 | Build | Farm |
| 15:08 | Build | Farm |
| 15:08 | Build | Farm |
| 15:09 | Build | Farm |
| 15:43 | Build | Farm |
| 16:53 | Build | Watch Tower |
| 17:07 | Build | Farm |
| 17:07 | Build | Farm |
| 17:07 | Build | Farm |
| 18:10 | Build | Stable |
| 18:50 | Build | Farm |
| 19:03 | Build | House |
| 19:06 | Build | House |
| 19:17 | Create | Scout Cavalry |
| 19:18 | Create | Scout Cavalry |
| 19:18 | Create | Scout Cavalry |
| 19:20 | Create | Archer |
| 19:21 | Create | Archer |
| 19:21 | Create | Archer |
Build order — PutridWind
145 actions detected in the replay
| 0:02 | Create | Villager (Male) |
| 0:02 | Create | Villager (Male) |
| 0:03 | Build | House |
| 0:04 | Build | House |
| 1:01 | Create | Villager (Male) |
| 1:01 | Create | Villager (Male) |
| 1:25 | Create | Villager (Male) |
| 1:25 | Create | Villager (Male) |
| 2:14 | Create | Villager (Male) |
| 2:15 | Build | Lumber Camp |
| 2:21 | Build | House |
| 2:30 | Research | Loom |
| 2:32 | Create | Villager (Male) |
| 2:57 | Build | House |
| 3:01 | Create | Villager (Male) |
| 3:18 | Create | Villager (Male) |
| 3:18 | Create | Villager (Male) |
| 4:22 | Create | Villager (Male) |
| 4:22 | Create | Villager (Male) |
| 4:23 | Create | Villager (Male) |
| 4:23 | Create | Villager (Male) |
| 4:23 | Create | Villager (Male) |
| 5:46 | Create | Villager (Male) |
| 5:57 | Create | Villager (Male) |
| 6:06 | Build | Mill |
| 6:56 | Create | Villager (Male) |
| 7:19 | Create | Villager (Male) |
| 7:34 | Build | Barracks |
| 7:41 | Build | House |
| 7:43 | Create | Villager (Male) |
| 8:12 | Build | Palisade Wall |
| 8:15 | Create | Villager (Male) |
| 8:40 | Research | Feudal Age |
| 8:41 | Research | Feudal Age |
| 8:47 | Build | Palisade Wall |
| 8:49 | Build | Palisade Wall |
| 9:17 | Build | Palisade Wall |
| 9:41 | Create | Villager (Male) |
| 9:51 | Build | Palisade Wall |
| 9:58 | Age | Feudal Age |
| 10:01 | Build | Palisade Wall |
| 10:03 | Create | Militia |
| 10:03 | Create | Militia |
| 10:03 | Create | Militia |
| 10:22 | Build | Building 796 |
| 11:00 | Create | Villager (Male) |
| 11:01 | Create | Villager (Male) |
| 11:23 | Build | Mining Camp |
| 11:30 | Build | Palisade Wall |
| 11:36 | Create | Villager (Male) |
| 11:58 | Build | House |
| 12:08 | Create | Villager (Male) |
| 12:20 | Build | House |
| 12:50 | Create | Villager (Male) |
| 12:51 | Create | Villager (Male) |
| 12:55 | Research | Double-Bit Axe |
| 12:58 | Research | Horse Collar |
| 13:29 | Create | Villager (Male) |
| 13:48 | Build | Farm |
| 13:48 | Build | Farm |
| 13:49 | Build | Farm |
| 13:49 | Build | Farm |
| 13:53 | Create | Villager (Male) |
| 14:08 | Build | Farm |
| 14:38 | Build | Farm |
| 14:41 | Build | Farm |
| 14:43 | Create | Villager (Male) |
| 14:46 | Build | Farm |
| 15:16 | Build | Watch Tower |
| 15:23 | Build | Watch Tower |
| 15:33 | Create | Villager (Male) |
| 15:33 | Create | Villager (Male) |
| 15:39 | Build | House |
| 15:43 | Build | Mining Camp |
| 15:50 | Build | Farm |
| 15:50 | Build | Farm |
| 15:50 | Build | Farm |
| 15:52 | Build | Farm |
| 16:04 | Create | Villager (Male) |
| 16:10 | Build | Blacksmith |
| 16:15 | Create | Villager (Male) |
| 16:52 | Build | Lumber Camp |
| 16:59 | Build | Market |
| 17:04 | Create | Villager (Male) |
| 17:18 | Create | Villager (Male) |
| 17:33 | Build | Watch Tower |
| 17:40 | Create | Villager (Male) |
| 17:49 | Create | Villager (Male) |
| 18:03 | Build | Farm |
| 18:04 | Build | Farm |
| 18:07 | Create | Villager (Male) |
| 18:15 | Build | Lumber Camp |
| 18:51 | Create | Villager (Male) |
| 18:56 | Create | Villager (Male) |
| 18:59 | Research | Fletching |
| 19:14 | Create | Villager (Male) |
| 19:49 | Create | Villager (Male) |
| 20:14 | Build | House |
| 20:25 | Research | Castle Age |
| 20:54 | Build | House |
| 21:00 | Build | Stable |
| 21:05 | Create | Villager (Male) |
| 21:17 | Build | Stable |
| 21:21 | Create | Villager (Male) |
| 21:31 | Research | Gold Mining |
| 21:50 | Research | Scale Barding Armor |
| 22:01 | Age | Castle Age |
| 22:03 | Build | Farm |
| 22:04 | Build | Farm |
| 22:11 | Create | Battle Elephant |
| 22:11 | Create | Battle Elephant |
| 22:12 | Create | Battle Elephant |
| 22:12 | Create | Battle Elephant |
| 22:21 | Build | Farm |
| 22:22 | Build | Farm |
| 22:32 | Build | Farm |
| 22:43 | Create | Villager (Male) |
| 22:43 | Create | Villager (Male) |
| 22:45 | Create | Battle Elephant |
| 22:46 | Create | Battle Elephant |
| 22:49 | Create | Battle Elephant |
| 22:49 | Create | Battle Elephant |
| 23:16 | Create | Villager (Male) |
| 23:16 | Create | Villager (Male) |
| 23:21 | Create | Battle Elephant |
| 23:21 | Create | Battle Elephant |
| 23:22 | Create | Battle Elephant |
| 23:26 | Create | Battle Elephant |
| 23:27 | Create | Battle Elephant |
| 23:27 | Create | Battle Elephant |
| 23:34 | Build | Lumber Camp |
| 23:37 | Build | Farm |
| 23:41 | Build | Farm |
| 23:44 | Create | Villager (Male) |
| 23:48 | Create | Battle Elephant |
| 23:48 | Create | Battle Elephant |
| 23:48 | Create | Battle Elephant |
| 23:48 | Create | Battle Elephant |
| 24:04 | Research | Forging |
| 24:14 | Research | Husbandry |
| 24:16 | Create | Villager (Male) |
| 24:27 | Create | Battle Elephant |
| 24:28 | Create | Battle Elephant |
| 24:28 | Create | Battle Elephant |
| 24:28 | Create | Battle Elephant |
Match timeline
| 5:55 | Jlozada11 · wall_segment Palisade Wall x6 |
| 6:32 | Oblivican · first_building Barracks |
| 6:38 | Jlozada11 · wall_segment Palisade Wall x7 |
| 7:00 | Jlozada11 · wall_segment Palisade Wall x1 |
| 7:06 | PussyCat · first_building Barracks |
| 7:12 | Jlozada11 · wall_segment Palisade Wall x9 |
| 7:34 | PutridWind · first_building Barracks |
| 7:37 | SerrisKb · first_building Barracks |
| 8:12 | PutridWind · wall_segment Palisade Wall x4 |
| 8:13 | Jlozada11 · wall_segment Palisade Wall x7 |
| 8:47 | franciscojaviergilg · first_building Barracks |
| 8:47 | PutridWind · wall_segment Palisade Wall x1 |
| 8:49 | PutridWind · wall_segment Palisade Wall x1 |
| 8:53 | SerrisKb · wall_segment Palisade Wall x4 |
| 9:01 | Jlozada11 · first_building Barracks |
| 9:17 | PutridWind · wall_segment Palisade Wall x9 |
| 9:29 | PussyCat · wall_segment Palisade Wall x17 |
| 9:34 | PussyCat · wall_segment Palisade Wall x17 |
| 9:37 | franciscojaviergilg · wall_segment Palisade Wall x10 |
| 9:43 | Oblivican · age_up feudal |
| 9:51 | PutridWind · wall_segment Palisade Wall x11 |
| 9:53 | SerrisKb · age_up feudal |
| 9:57 | PussyCat · wall_segment Palisade Wall x18 |
| 9:58 | PutridWind · age_up feudal |
| 10:01 | SerrisKb · first_building Archery Range |
| 10:01 | PutridWind · wall_segment Palisade Wall x5 |
| 10:04 | SerrisKb · wall_segment Palisade Wall x8 |
| 10:07 | Jlozada11 · wall_segment Palisade Wall x9 |
| 10:23 | SerrisKb · wall_segment Palisade Wall x10 |
| 10:28 | franciscojaviergilg · age_up feudal |
| 10:32 | franciscojaviergilg · wall_segment Palisade Wall x2 |
| 10:40 | PussyCat · wall_segment Palisade Wall x10 |
| 10:48 | franciscojaviergilg · first_building Stable |
| 10:51 | Oblivican · first_building Archery Range |
| 11:10 | Jlozada11 · wall_segment Palisade Wall x6 |
| 11:10 | franciscojaviergilg · wall_segment Palisade Wall x11 |
| 11:16 | PussyCat · age_up feudal |
| 11:20 | PussyCat · wall_segment Palisade Wall x6 |
| 11:30 | PutridWind · wall_segment Palisade Wall x10 |
| 11:36 | SerrisKb · wall_segment Palisade Wall x21 |
| 11:54 | franciscojaviergilg · wall_segment Palisade Wall x32 |
| 12:05 | Jlozada11 · first_building Archery Range |
| 13:19 | franciscojaviergilg · wall_segment Palisade Wall x12 |
| 14:21 | franciscojaviergilg · wall_segment Palisade Wall x1 |
| 16:39 | PussyCat · first_building Stable |
| 18:10 | Jlozada11 · first_building Stable |
| 18:41 | PutridWind · first_market_buy 100 stone |
| 19:40 | Jlozada11 · resign |
| 20:29 | Oblivican · wall_segment Palisade Wall x6 |
| 20:46 | Oblivican · wall_segment Palisade Wall x1 |
| 21:00 | PutridWind · first_building Stable |
| 21:36 | PussyCat · age_up castle |
| 21:39 | Oblivican · wall_segment Palisade Wall x1 |
| 22:01 | PutridWind · age_up castle |
| 23:09 | SerrisKb · age_up castle |
| 23:55 | PutridWind · first_market_sell 100 wood |
| 23:56 | Oblivican · age_up castle |
| 24:18 | franciscojaviergilg · age_up castle |
| 24:39 | SerrisKb · first_building Siege Workshop |
| 28:05 | PussyCat · first_building Siege Workshop |
| 30:04 | Oblivican · first_building Siege Workshop |
| 31:22 | PussyCat · tribute_sent a jugador 1 |
| 31:22 | PussyCat · tribute_sent a jugador 3 |
| 31:22 | PussyCat · tribute_sent a jugador 4 |
| 31:22 | PussyCat · tribute_sent a jugador 5 |
| 31:22 | PussyCat · tribute_sent a jugador 6 |
| 32:23 | franciscojaviergilg · wall_segment Palisade Wall x8 |
| 34:33 | SerrisKb · age_up imperial |
| 37:37 | Oblivican · first_building Castle |
| 38:57 | SerrisKb · first_building Monastery |
| 40:35 | PussyCat · first_building Castle |
| 40:36 | franciscojaviergilg · first_building Monastery |
| 44:29 | SerrisKb · first_building Castle |
| 45:31 | franciscojaviergilg · age_up imperial |
| 45:43 | SerrisKb · first_market_sell 500 wood |
| 46:09 | SerrisKb · first_market_buy 100 food |
| 46:49 | SerrisKb · first_building Stable |
| 47:00 | PussyCat · tribute_sent a jugador 1 |
| 47:00 | PussyCat · tribute_sent a jugador 3 |
| 47:00 | PussyCat · tribute_sent a jugador 4 |
| 47:00 | PussyCat · tribute_sent a jugador 5 |
| 47:00 | PussyCat · tribute_sent a jugador 6 |
| 49:31 | franciscojaviergilg · first_building Archery Range |
| 49:37 | Oblivican · first_building Stable |
| 50:13 | Oblivican · age_up imperial |
| 51:36 | PussyCat · age_up imperial |
| 53:07 | franciscojaviergilg · first_building Castle |
| 54:56 | PussyCat · tribute_sent a jugador 1 |
| 54:56 | PussyCat · tribute_sent a jugador 3 |
| 54:56 | PussyCat · tribute_sent a jugador 4 |
| 54:56 | PussyCat · tribute_sent a jugador 5 |
| 54:56 | PussyCat · tribute_sent a jugador 6 |
[ AI ANALYSIS · 1 CREDIT ]
What really happened in this match?
Wolo.gg analyzes every decision: build order, eco, micro, common mistakes by bracket. Personalized analysis on WhatsApp or Discord in 30 seconds.
Civ guide
Teutons
Perfil
Jugador #14712439